 Yiufcrawl Soup (a DCSS fork) version 1.5.2b1-yiuf-19-g91104ff (webtiles) character file.

91 Hausser the Ducker (level 4, 0/44 HPs)
             Began as a Bearkin Gladiator on June 4, 2018.
             Slain by an orc
             ... wielding a +2 flail of holy wrath
              (7 damage)
             ... on level 3 of the Dungeon.
             The game lasted 00:07:33 (2825 turns).

Hausser the Ducker (Bearkin Gladiator)              Turns: 2825, Time: 00:07:36

Health: 0/44       AC:  3    Str: 17    XL:     4   Next: 33%
Magic:  4/4        EV: 10    Int:  6    God:
Gold:   140        SH:  3    Dex: 15    Spells: 3/3 levels left

rFire    . . .     SeeInvis .   a - -1 mace (curse)
rCold    + . .     Gourm    .   (no shield)
rNeg     + . .     Faith    .   (armour unavailable)
rPois    .         Spirit   .   (helmet unavailable)
rElec    .         Reflect  +   (cloak unavailable)
rCorr    .         Harm     .   (gloves unavailable)
MR       .....     Rnd*Tele +   (boots unavailable)
Stlth    +.........             e - +3 amulet of reflection
Regen    0.2/turn               k - ring of positive energy
MPRegen  0.1/turn               m - ring of teleportation (curse)

@: no status effects
A: no armour, claws 1, fangs 1, carnivore 3, robust 1, shaggy fur 3, freezing
cloud immunity
a: no special abilities


You were on level 3 of the Dungeon.
You were not hungry.

You visited 1 branch of the dungeon, and saw 3 of its levels.

You collected 140 gold pieces.

Inventory:

Hand Weapons
 a - a cursed -1 mace (weapon)
Missiles
 b - 3 throwing nets (quivered)
Jewellery
 e - a +3 amulet of reflection (around neck)
 k - a ring of positive energy (left claw)
 m - a cursed ring of teleportation (right claw)
Scrolls
 h - 3 scrolls of identify
Potions
 d - a potion of berserk rage
 g - a potion of curing {unknown}
 i - a potion of brilliance {unknown}
 j - a potion of heal wounds {unknown}
 l - a potion of magic {unknown}
Comestibles
 c - 3 meat rations
 f - 4 royal jellies


   Skills:
 * Level 3.0 Fighting
   Level 2.6(2.8) Axes
 + Level 1.0(2.0) Maces & Flails
 * Level 2.8 Throwing
 * Level 3.9 Dodging
 * Level 1.2 Unarmed Combat


You had 3 spell levels left.
You didn't know any spells.

Dungeon Overview and Level Annotations

Branches:
Dungeon (3/15)

Altars:

Portals:
Sewer: D:3


Innate Abilities, Weirdness & Mutations

You can easily heft most weapons in one hand.
You become enormous when angry, and thus cannot wear armour.
You have sharp fingernails.
You have very sharp teeth.
You are carnivorous and can eat meat at any time.
Your thick and shaggy fur keeps you warm. (AC +3, rC+)
You are robust. (+7% HP)
You are immune to freezing clouds.


Message History

You are too injured to fight recklessly!
You are too injured to fight recklessly!
You are too injured to fight recklessly!
You are too injured to fight recklessly!
You hit the orc.
The orc is almost dead.
The orc barely misses you. The orc hits you with a hand axe.
The orc hits you with a flail of holy wrath.
You hear the quick rusting of a drain nearby.
The orc hits you with a hand axe.
You hit the orc.
You kill the orc!
The orc hits you with a hand axe.
You hit the orc but do no damage.
The orc hits you with a flail of holy wrath.
* * * LOW HITPOINT WARNING * * *
The orc barely misses you. The orc hits you with a hand axe.
* * * LOW HITPOINT WARNING * * *
The orc hits you with a flail of holy wrath!
You die...

..###.###.#######..
#......!## #. #..
.....!...## #. #..
..........## .#. #..
##.............##.#. #..
##...............#.#.#
#..
##..................#.#
#..
##.....................#
#............)o@.......#
#............o........#
#...)..$..........#..#
#..<............##
#........))÷...#.. ...
#.#######.....##.## #..
#o#≈≈≈SS#....## # #..
#.#≈≈∩≈≈'.[.## #..
#.#≈≈≈≈≈#..## #..


You could see 2 adders and 2 orcs.

Vanquished Creatures
  3 adders
  A shadow imp (D:3)
  2 dart slugs (D:1)
  A leopard gecko (D:1)
  3 orcs (D:3)
  A giant cockroach (D:1)
  7 goblins
  6 hobgoblins
  3 quokkas (D:2)
  2 ball pythons
  3 bats
  3 frilled lizards
  9 kobolds
  6 rats
50 creatures vanquished.

Notes
Turn   | Place    | Note
-------+----------+-------------------------------------------
     0 | D:1      | Hausser the Bearkin Gladiator began the quest for the Orb.
     0 | D:1      | Reached XP level 1. HP: 20/20 MP: 1/1
   332 | D:1      | Gained mutation: You are robust. (+7% HP) [the bear spirit]
   332 | D:1      | Reached XP level 2. HP: 20/28 MP: 2/2
  1227 | D:1      | Reached XP level 3. HP: 14/35 MP: 3/3
  2471 | D:3      | Found a glowing drain.
  2477 | D:3      | Reached skill level 1 in Unarmed Combat
  2477 | D:3      | Gained mutation: You are immune to freezing clouds. [the bear spirit]
  2477 | D:3      | Reached XP level 4. HP: 39/44 MP: 4/4
  2800 | D:3      | Reached skill level 1 in Maces & Flails
  2825 | D:3      | Slain by an orc

Skill      XL: |  1  2  3  4 |
---------------+-------------+-----
Fighting       | 3 |  3.0
Unarmed Combat | 1 |  1.2
Maces & Flails | 1 |  1.0
Axes           | |  2.6
Throwing       | |  2.8
Dodging        | |  3.9

Action                   |  1- 3 |  4- 6 || total
-------------------------+-------+-------++-------
Melee: Unarmed           |    15 |       ||    15
       Mace              |   134 |    24 ||   158
       Bite              |    10 |     4 ||    14
  Use: Scroll            |     3 |       ||     3
 Stab: Sleeping          |     5 |       ||     5
  Eat: Chunk             |     7 |       ||     7
Armor: Skin              |    48 |     8 ||    56
Dodge: Dodged            |    75 |    16 ||    91
Block: Other             |    12 |     4 ||    16
       Reflection        |     1 |       ||     1
